 Dungeon Sprint DCSS version 0.24-a0-459-g225fefd530 (webtiles) character file.

Game seed: 6723519725390481280

476 epen the Skirmisher (level 6, -11/54 (56) HPs)
             Began as a Demonspawn Gladiator on June 29, 2019.
             Shot with an arrow by a centaur warrior (13 damage)
             ... in the Dungeon (Sprint II: "The Violet Keep of Menkaure").
             The game lasted 00:04:01 (683 turns).

epen the Skirmisher (Demonspawn Gladiator)           Turns: 683, Time: 00:04:01

HP:   -11/54 (56)   AC:  9    Str: 16    XL:     6   Next: 85%
MP:   6/6           EV: 16    Int:  6    God:
Gold: 283           SH:  0    Dex: 15    Spells: 5/5 levels left

rFire    . . .     SeeInvis .   a - +0 long sword
rCold    . . .     Gourm    .   (no shield)
rNeg     + . .     Faith    .   h - +3 leather armour of the Arcane {rPois rN+ Int-3 Slay+2}
rPois    +         Spirit   .   c - +0 helmet
rElec    .         Reflect  .   (no cloak)
rCorr    .         Harm     .   (no gloves)
MR       .....     NoTele   +   (no boots)
Stlth    +.........             (no amulet)
HPRegen  0.18/turn              (no ring)
MPRegen  0.10/turn              (no ring)

@: very slow
A: claws 1, rugged brown scales 1, demonic guardian 1, powered by death 1
a: no special abilities


You were in the Dungeon.
You were not hungry.

You visited 1 branch You collected 486 gold pieces.
You spent 203 gold pieces at shops.

Inventory:

Hand Weapons
 a - a +0 long sword (weapon)
Missiles
 d - 2 throwing nets (quivered)
Armour
 b - a +0 leather armour
 c - a +0 helmet (worn)
 h - the +3 leather armour of the Arcane (worn) {rPois rN+ Int-3 Slay+2}
   (You bought it in a shop in the Dungeon)

   It affects your intelligence (-3).
   It affects your accuracy and damage with ranged weapons and melee attacks
   (+2).
   It protects you from poison.
   It protects you from negative energy.
Scrolls
 k - a scroll of blinking
Potions
 e - a potion of curing
 i - 2 potions of magic
 j - a potion of berserk rage
Comestibles
 f - a ration
 g - 5 chunks of flesh


   Skills:
 + Level 7.6 Fighting
 + Level 7.3 Long Blades
 - Level 1.7 Throwing
 + Level 6.6 Armour
 + Level 7.3 Dodging


You had 5 spell levels left.
You didn't know any spells.
Your spell library was empty.

Dungeon Overview and Level Annotations

Branches:
Dungeon (1/1)

Altars:

Shops:
D [:}:?[!%!=*![%=(

Annotations:
D exclusions: obsidian statue and oklob plant, Kirke


Innate Abilities, Weirdness & Mutations

You have sharp fingernails.
You are partially covered in rugged brown scales. (AC +1, +3% HP)
A weak demonic guardian rushes to your aid.
You regenerate a little health from kills.


Message History

Really walk into a travel-excluded area?
Uppercase [Y]es or [N]o only, please.
Really walk into a travel-excluded area?
Uppercase [Y]es or [N]o only, please.
Really walk into a travel-excluded area?
You enter the shallow water.
Moving in this stuff is going to be slow.
You are engulfed in a cloud of scalding steam.
The centaur warrior wields a +0 shortbow.
The centaur warrior shoots an arrow.
The arrow completely misses you.
You hear a splash.
The centaur warrior shoots an arrow.
The arrow hits you!!
* * * LOW HITPOINT WARNING * * *
You hear a splash.
You see here 2 arrows.
The centaur warrior shoots an arrow.
The arrow hits you.
* * * LOW HITPOINT WARNING * * *
You hear a splash.
The centaur warrior shoots an arrow.
The arrow hits you!
You die...

..∩.∩..#≈##÷.##.##H# #..#
.∩.∩...'≈'.##'.<.+# +..###
∩.∩....#≈##..##.##H# #....###.
▓▓▓▓▓###≈##.###'## .##cc....≈≈
$E######≈≈####...####§≈.§...≈#


)D#HH ##≈≈≈#..#..#§≈≈§§≈≈..≈# P[+H$# +#≈##.#.##≈≈§§≈≈≈≈.≈# $$#%##≈#
#≈≈##+##≈≈≈§§§≈≈≈≈≈# .?###≈≈§ #≈≈≈5@(≈≈≈≈≈§§≈≈≈≈# +###≈§§≈ #+++#+++#≈≈≈§§≈≈≈≈#
;;;;; ##§≈≈###≈≈# §§§;;;§§≈##≈≈# +≈§§;§§§≈≈≈≈+≈≈# ##≈≈§§§§§≈≈## ≈≈≈ ##≈≈≈≈§≈§##
### ####+#### ≈≈§ You could see a yaktaur captain, a centaur warrior, 6 electric
eels and a friendly shadow imp.

Vanquished Creatures
  4 necrophages (D)
  A crocodile (D)
  A worker ant (D)
6 creatures vanquished.

Vanquished Creatures (collateral kills)
  3 worker ants (D)
3 creatures vanquished.

Vanquished Creatures (others)
  Menkaure (D)
  A crocodile (D)
2 creatures vanquished.

Grand Total: 11 creatures vanquished

Notes
Turn   | Place    | Note
-------+----------+-------------------------------------------
     0 | D        | epen the Demonspawn Gladiator began the quest for the Orb.
     0 | D        | Reached XP level 1. HP: 16/16 MP: 1/1
     1 | D        | Noticed a worker ant
     1 | D        | Noticed a worker ant
     1 | D        | Noticed a worker ant
     1 | D        | Noticed a worker ant
     4 | D        | Noticed a tyrant leech
     4 | D        | Noticed a tyrant leech
     7 | D        | Noticed a hippogriff
     7 | D        | Noticed a hippogriff
    11 | D        | Noticed a necrophage
    11 | D        | Noticed a necrophage
    11 | D        | Noticed a necrophage
    11 | D        | Noticed a necrophage
    26 | D        | Killed a necrophage
    26 | D        | Gained mutation: You are partially covered in rugged brown
                  | scales. (AC +1, +3% HP) [demonic ancestry]
    26 | D        | Reached XP level 2. HP: 8/24 MP: 2/2
    26 | D        | Gained mutation: You have sharp fingernails. [demonic
                  | ancestry]
    26 | D        | Reached XP level 3. HP: 10/29 MP: 3/3
    26 | D        | Gained mutation: You regenerate a little health from kills.
                  | [demonic ancestry]
    26 | D        | Reached XP level 4. HP: 12/37 MP: 4/4
    34 | D        | Killed Menkaure
    41 | D        | Killed a necrophage
    41 | D        | Reached skill level 5 in Fighting
    41 | D        | Reached skill level 5 in Long Blades
    41 | D        | Reached skill level 5 in Dodging
    41 | D        | Reached XP level 5. HP: 22/46 MP: 5/5
    51 | D        | Killed a necrophage
    51 | D        | Reached skill level 5 in Armour
    61 | D        | Killed a necrophage
    61 | D        | Gained mutation: A weak demonic guardian rushes to your
                  | aid. [demonic ancestry]
    61 | D        | Reached XP level 6. HP: 26/54 MP: 6/6
   443 | D        | Found Zeygezu's Antique Weapon Shop.
   443 | D        | Found Booheck's Antique Armour Boutique.
   443 | D        | Found Qofewu's Jewellery Boutique.
   443 | D        | Found Ver Tuso's Distillery.
   444 | D        | Found Axiataebb's General Store.
   444 | D        | Found Ywom's Jewellery Boutique.
   444 | D        | Found Diseig's Distillery.
   444 | D        | Found Satteih's Food Boutique.
   445 | D        | Found Umot's Antique Armour Boutique.
   445 | D        | Found Ketoudd's Magic Scroll Shop.
   445 | D        | Noticed an ice dragon
   446 | D        | Found Hotowits's Food Shop.
   446 | D        | Found Uwemnien's Distillery.
   447 | D        | Found Ywnosuo's Book Boutique.
   447 | D        | Found Zuiwa Syobb's Gadget Shop.
   447 | D        | Noticed an oklob plant
   448 | D        | Noticed an iron elemental
   589 | D        | Found Sirufoury's Book Shoppe.
   589 | D        | Found Qepsaih's Antique Armour Boutique.
   594 | D        | Noticed a manticore
   594 | D        | Noticed a manticore
   598 | D        | Noticed a manticore
   630 | D        | Bought a smoking leather armour for 203 gold pieces
   640 | D        | Identified the +3 leather armour of the Arcane {rPois rN+
                  | Int-3 Slay+2} (You bought it in a shop in the Dungeon)
   662 | D        | Noticed Kirke
   662 | D        | Noticed a yaktaur captain
   663 | D        | Noticed a kobold demonologist
   663 | D        | Noticed a centaur warrior
   664 | D        | Noticed a skeletal warrior
   665 | D        | Noticed an obsidian statue
   683 | D        | HP: 2/54 [centaur warrior/arrow (4)]
   683 | D        | Shot with an arrow by a centaur warrior

Levels and vault maps discovered:
D:        the_violet_keep_of_menkaure [sprint2_stairs_cluster_1,
          sprint2_shoproom, sprint2_temple, sprint2_basic_supplies,
          sprint2_obstacle_7, sprint2_obstacle_4, sprint2_obstacle_3,
          sprint2_obstacle_6, sprint2_obstacle_1, sprint2_timed_cluster_1,
          sprint2_smallroom_cluster_1, sprint2_smallroom_final_cluster_1,
          sprint2_transparent_cluster_1, sprint2_second_timed_cluster_1,
          sprint2_sniper_area_1, sprint2_heavy_combat_area_1,
          sprint2_mutation_trap_area_1, sprint2_forest_area_1,
          sprint2_light_combat_area_1, sprint2_behind_water_1,
          sprint2_near_end_vault_1]

Skill      XL: |  1  2  3  4  5  6 |
---------------+-------------------+-----
Fighting       | 4 5 7 |  7.6
Long Blades    | 4 5 6 7 |  7.3
Armour         | 3 4 6 |  6.6
Dodging        | 4 5 6 7 |  7.3
Throwing       | |  1.7

Action                   |  1- 3 |  4- 6 || total
-------------------------+-------+-------++-------
Melee: Long sword        |    14 |    50 ||    64
Throw: Throwing net      |       |     3 ||     3
  Use: Potion            |       |     2 ||     2
Armor: Leather armour    |       |    11 ||    11
Dodge: Dodged            |    12 |    35 ||    47
       Rpst.: Long sword |     2 |     9 ||    11

Table legend:
 A = Non-vault XP
 B = Vault XP
 C = Vault XP percentage of total XP
 D = Non-vault monster count
 E = Vault monster count
 F = Vault count percentage of total count
                 A         B        C        D         E       F
            +---------+---------+-------+---------+---------+-------
      Total |       0 |     681 | 100.0 |       0 |       9 | 100.0
            +---------+---------+-------+---------+---------+-------
          D |       0 |     681 | 100.0 |       0 |       9 | 100.0
            +---------+---------+-------+---------+---------+-------
